 Dungeon Crawl Stone Soup version 0.31.0-10-gcf4a605ca0 (webtiles) character file.

Game seed: 8143433448755160851

157468 SymmetrySage the Imperceptible (level 17, 0/129 HPs)
             Began as a Vampire Enchanter on Jan 25, 2024.
             Was the Champion of Nemelex Xobeh.
             Shot with a bolt by Vashnia (3 damage)
             ... on level 3 of the Snake Pit.
             The game lasted 01:04:38 (33027 turns).

SymmetrySage the Imperceptible (Vampire Enchanter) Turns: 33027, Time: 01:04:46

Health: 0/129      AC: 14    Str:  7    XL:     17   Next: 12%
Magic:  28/30      EV: 25    Int: 17    God:    Nemelex Xobeh [******]
Gold:   2344       SH:  0    Dex: 26    Spells: 14/34 levels left

rFire   + . .        a - +1 dagger
rCold   . . .        A - orb {guile}
rNeg    + + .        H - +0 swamp dragon scales
rPois   +            l - +2 helmet
rElec   .            V - +0 cloak {rF+}
rCorr   .            e - +2 pair of gloves {Dex+3}
SInv    +            (no boots)
Will    .....        X - macabre finger necklace {Finger+ rN+}
Stlth   +++++++++    E - +5 ring of evasion
HPRegen 0.61/turn    N - ring of positive energy
MPRegen 0.22/turn    Z - ring of wizardry

%: wizardry (x1)
@: healing quickly, studying Hexes
A: alive, fangs 3, see invisible, vampiric 2
a: Exsanguinate, Renounce Religion, Draw Escape, Draw Destruction, Draw
Summoning, Draw Stack, Triple Draw, Deal Four, Stack Five


You were on level 3 of the Snake Pit.
You worshipped Nemelex Xobeh.
Nemelex Xobeh was exalted by your worship.
You visited 6 branches of the dungeon, and saw 29 of its levels.
You also visited: Sewer, Bailey and Volcano.

You collected 3013 gold pieces.
You spent 669 gold pieces at shops.


Innate Abilities, Weirdness & Mutations

Your natural rate of healing is accelerated.
You have razor-sharp teeth.
You have supernaturally acute eyesight. (SInv)
You are afflicted with vampirism and can become a bat while bloodless.


   Skills:
 + Level 10.3 Fighting
 - Level 10.0 Short Blades
 - Level 15.0 Dodging
 + Level 25.3 Stealth
 + Level 9.2 Spellcasting
 + Level 18.3 Hexes
 - Level 7.0 Alchemy
 + Level 10.3 Invocations


You had 14 spell levels left.
You knew the following spells:

 Your Spells              Type           Power      Damage    Failure   Level
c - Confusing Touch       Hex            63%        N/A       1%          3
d - Tukima's Dance        Hex            63%        N/A       1%          3
e - Ensorcelled Hibernat  Hex/Ice        78%        N/A       1%          2
X - Yara's Violent Unrav  Hex/Alch       25%        3d11      1%          5
Y - Enfeeble              Hex            31%        N/A       6%          7

Your spell library contained the following spells:

 Spells                   Type           Power      Damage    Failure   Level
 Jinxbite                 Hex            100%       N/A       1%          2
 Dazzling Flash           Conj/Hex       78%        N/A       1%          3
 Sigil of Binding         Hex            63%        N/A       1%          3
 Dimensional Bullseye     Hex/Tloc       19%        N/A       3%          4
 Metabolic Englaciation   Hex/Ice        19%        N/A       9%          5
 Freeze                   Ice            28%        1d5       13%         1
 Magic Dart               Conj           28%        1d4       13%         1
 Necrotise                Necr           28%        1d5       13%         1
 Shock                    Conj/Air       28%        1d4       13%         1
 Blink                    Tloc           14%        N/A       21%         2
 Lesser Beckoning         Tloc           14%        N/A       21%         2
 Momentum Strike          Conj/Tloc      14%        3d8       21%         2
 Searing Ray              Conj           14%        2d5       21%         2
 Fulminant Prism          Conj/Alch      9%         3d6       30%         4
 Leda's Liquefaction      Alch/Erth      9%         N/A       30%         4
 Petrify                  Alch/Erth      19%        N/A       30%         4
 Call Canine Familiar     Summ           7%         N/A       36%         3
 Frozen Ramparts          Ice            14%        1d3       36%         3
 Fugue of the Fallen      Necr           7%         N/A       36%         3
 Hailstorm                Conj/Ice       7%         3d5       36%         3
 Ozocubu's Armour         Ice            7%         N/A       36%         3
 Swiftness                Air            7%         N/A       36%         3
 Vampiric Draining        Necr           7%         2d6       36%         3
 Airstrike                Air            3%         2d(1-17)  75%         4
 Brom's Barrelling Bould  Conj/Erth      7%         2d3       75%         4
 Manifold Assault         Tloc           7%         N/A       75%         4
 Martyr's Knell           Necr/Summ      7%         N/A       75%         4
 Curse of Agony           Necr           7%         N/A       97%         5
 Fireball                 Conj/Fire      3%         3d4       97%         5
 Iskenderun's Battlesphe  Conj           7%         2d6       97%         5
 Bombard                  Conj/Erth      3%         9d1       100%        6
 Conjure Ball Lightning   Conj/Air       3%         3x3d6     100%        6
 Orb of Destruction       Conj           3%         9d5       100%        7
 Spellforged Servitor     Conj/Summ      3%         N/A       100%        7

Inventory:

Hand Weapons
 a - a +1 dagger (weapon)
 t - a +1 demon blade of electrocution
Missiles
 D - 2 throwing nets {=f}
 R - 4 curare-tipped darts {=f}
 S - 4 atropa-tipped darts
Armour
 e - a +2 pair of gloves of dexterity (worn)
 l - a +2 helmet (worn)
 u - a scarf of resistance
 A - an orb of guile (worn)
 H - +0 swamp dragon scales (worn)
 K - a +1 troll leather armour {Pargi}
 U - the +3 hat of Pondering {ponderous, Will+ MP+10 Int+5}
   (You took it off Gastronok on level 1 of the Orcish Mines)

   Int+5:     It affects your intelligence (+5).
   Will+:     It increases your willpower.
   MP+10:     It affects your magic capacity (+10).
 V - a +0 cloak of fire resistance (worn)
Jewellery
 E - a +5 ring of evasion (left hand)
 M - an amulet of regeneration
 N - a ring of positive energy (right hand)
 X - the macabre finger necklace (around neck) {Finger+ rN+}
   (You found it on level 5 of the Lair of Beasts)

   [amulet of nothing]

   Finger+:   It enables you to equip an extra ring.
   rN+:       It protects you from negative energy.
 Z - a ring of wizardry (on amulet)
Wands
 c - a wand of quicksilver (12)
 F - a wand of digging (10)
Scrolls
 b - 2 scrolls of vulnerability
 g - a scroll of brand weapon
 h - 4 scrolls of fog
 i - 4 scrolls of fear
 n - 2 scrolls of amnesia
 o - 3 scrolls of revelation
 p - 2 scrolls of torment
 w - a scroll of poison
 x - a scroll of blinking
 C - 2 scrolls of butterflies
 G - 4 scrolls of teleportation {@r2}
 I - 2 scrolls of enchant armour
 O - 4 scrolls of silence {!r}
 P - 4 scrolls of immolation
 T - 3 scrolls of enchant weapon
Potions
 d - 2 potions of brilliance {unknown}
 f - 9 potions of curing {@q1}
 j - 3 potions of cancellation
 k - 5 potions of enlightenment
 m - 5 potions of haste {@q3}
 q - a potion of heal wounds {@q2}
 r - 4 potions of resistance {unknown}
 s - 2 potions of berserk rage {!q}
 v - 4 potions of lignification
 y - 3 potions of mutation
 z - 2 potions of invisibility
 B - 6 potions of might
 J - a potion of experience
 L - a potion of magic {unknown}
 Q - 2 potions of ambrosia {unknown}
 Y - a potion of attraction {unknown}
Miscellaneous
 W - a lightning rod (4/4)

Dungeon Overview and Level Annotations

Branches:
Dungeon (15/15)            Temple (1/1) D:5            Lair (5/5) D:8
  Swamp (3/4) Lair:3        Snake (3/4) Lair:3        Slime (0/5) Lair:4
    Orc (2/2) D:11            Elf (0/3) Orc:2        Vaults (0/5) D:13
 Depths (0/4) D:15          Sewer (visited)          Bailey (visited)
Volcano (visited)

Altars:
Ashenzari
Cheibriados
Dithmenos
Fedhas
Gozag
Hepliaklqana
Kikubaaqudgha
Makhleb
Nemelex Xobeh
Okawaru
Qazlal
Ru
Sif Muna
Trog
Uskayaw
Vehumet
Wu Jian
Xom
Yredelemnul
Jiyva
Lugonu

Shops:
D:5 !   Orc:2 *(*?   Snake:2 *

Annotations:
D:3 3 runed translucent doors, Skimidon's ghost, weakling FoDe
D:7 2 transporters, nms23's ghost, novice GnWn
D:8 exclusion: obsidian statue
Lair:3 2 transporters, Luuwnalu's ghost, journeyman KoHu
Swamp:3 2 transporters, ArclightPhoenix's ghost, adept SpEn
Snake:3 Vashnia

..#....[#....#
.............#
.............#
..##.......[##
...#.#...[...##
......##..)##.##
....#.#.#..###.##
......##...#.##4###
......##..N.##)#@.#
.#...........#)...#
.#...##.....[...N§#
.#..........[#....#
.#...........#.<.##
N..........#.N...#
.................#
...........N.....#
#...##.......#...#


You could see Vashnia (curare), 2 naga sharpshooters and a hellwing (summoned).


Message History

Casting: Ensorcelled Hibernation (safe; 1% risk of failure)
Confirm with . or Enter, or press ? or * to list all spells.
Aiming: Ensorcelled Hibernation (safe; 1% risk of failure)
Press: ? - help, Shift-Dir - straight line, f - naga mage
Aim: a naga mage, wielding a +0 whip (chance to affect: 80%)
The naga mage looks drowsy...
The hellwing completely misses you. The hellwing hits you.
The naga sharpshooter gestures wildly while chanting.
The naga sharpshooter magically shoots a bolt.
The bolt hits you!!
* * * LOW HITPOINT WARNING * * *
The naga sharpshooter gestures wildly while chanting.
The naga sharpshooter magically shoots a bolt.
The bolt hits you!
* * * LOW HITPOINT WARNING * * *
Unknown command.
The helpless naga mage fails to defend itself.
You perforate the naga mage like a sieve!!!!!
You kill the naga mage!
The hellwing barely misses you. The hellwing completely misses you.
Unknown command.
The naga sharpshooter shoots a bolt.
The bolt misses you.
The naga sharpshooter shoots a bolt.
The bolt completely misses you.
Vashnia gestures wildly while chanting.
Vashnia magically shoots a bolt.
The bolt hits you!!!
* * * LOW HITPOINT WARNING * * *
The bolt freezes you.
You die...
Vashnia says, "All clear.
Let's check for more."
Your body glows slightly and disappears.

Skill      XL: |  1  2  3  4  5  6  7  8  9 10 11 12 13 14 15 16 |
---------------+-------------------------------------------------+-----
Stealth        | 5 6 7 8 12 15 16 19 21 23 25 | 25.3
Short Blades   | 2 3 4 5 8 9 10 | 10.0
Hexes          | 6 8 10 15 18 | 18.3
Spellcasting   | 3 4 6 9 |  9.2
Fighting       | 2 3 6 7 10 | 10.3
Dodging        | 3 8 11 15 | 15.0
Invocations    | 5 8 10 | 10.3
Alchemy        | 1 7 |  7.0

Action                     |  1- 3 |  4- 6 |  7- 9 | 10-12 | 13-15 | 16-18 || total
---------------------------+-------+-------+-------+-------+-------+-------++-------
  Melee: Dagger            |    71 |   194 |       |     4 |  1055 |   192 ||  1516
         Punch             |     2 |     4 |     2 |       |       |       ||     8
         Bite              |     7 |    19 |    34 |    76 |   249 |    16 ||   401
         Rapier            |       |     3 |   239 |   558 |   515 |       ||  1315
   Cast: Ensorcelled Hiber |     3 |    48 |    40 |   138 |   344 |    87 ||   660
         Confusing Touch   |       |     1 |     5 |    18 |    31 |    10 ||    65
         Enfeeble          |       |       |       |       |       |     1 ||     1
 Invoke: Draw Destruction  |       |       |       |       |    12 |     5 ||    17
         Draw Summoning    |       |       |       |       |     3 |     2 ||     5
         Stack Five        |       |       |       |       |     1 |       ||     1
         Draw Escape       |       |       |       |       |     1 |       ||     1
  Evoke: Wand              |       |     2 |     2 |     4 |    11 |       ||    19
         Lightning rod     |       |       |       |     3 |       |     5 ||     8
    Use: Potion            |       |       |     2 |     1 |     4 |     1 ||     8
         Scroll            |       |       |       |    17 |    12 |     3 ||    32
   Stab: Sleeping          |    13 |    43 |    47 |   111 |   275 |   114 ||   603
         Distracted        |     1 |       |     3 |     1 |     7 |     4 ||    16
         Confused          |       |     1 |     4 |    18 |    24 |    13 ||    60
         Invisible         |       |       |     4 |     1 |       |     1 ||     6
 Armour: Robe              |    33 |   116 |    53 |       |       |       ||   202
         Steam dragon scal |       |       |     4 |       |       |       ||     4
         Troll leather arm |       |       |    46 |   202 |   529 |     4 ||   781
         Swamp dragon scal |       |       |       |       |       |   116 ||   116
  Dodge: Dodged            |    43 |   159 |   252 |   507 |  1786 |   261 ||  3008

Levels and vault maps discovered:
D:1:      saegor_arrival_under_anarchy, layout_basic
D:2:      layout_loops_ring, minmay_small_reverse_x, uniq_crazy_yiuf_cottage,
          uniq_terence
D:3:      layout_rooms, mainiacjoe_overflow_tiny_flanked, gammafunk_ghost_icy,
          minmay_misc_feat_x, minmay_misc_feat_tiny, grunt_ministairs_10
D:4:      layout_gridville, elyvilon_altar_4, ebering_dispersal_statue_hall
D:5:      layout_basic, minmay_temple_entry_ruins, serial_shops,
          nicolae_shop_competitors_out_of_business, ldierk_geyser,
          lemuel_flamethrower_2, uniq_ijyb, uniq_duvessa, uniq_eustachio
D:6:      layout_loops_cross, cheibrodos_sewer_entry_sluice,
          reono_crystal_passage, uniq_blork_the_orc, uniq_jeremiah
D:7:      layout_gridville, lemuel_mausoleum_altar_yredelemnul,
          amcnicky_altar_gilded, gammafunk_ghost_berserking_beasts,
          enter_bailey_5
D:8:      minmay_statue_hallways, layout_basic, david_lair_shrubbed
D:9:      layout_loops_ring, nicolae_nh_ransacked_shop, uniq_maggie
D:10:     layout_long_grid, nicolae_overflow_squiral, hangedman_ranch,
          uniq_joseph
D:11:     layout_gridville, zombieorc2_lemuel, marbit_kobold_abyssish
D:12:     layout_basic, jiyva_altar_1, uniq_frances
D:13:     layout_basic, grunt_vaults_entry_fortified,
          fedhas_bush_and_centaur_altar, uniq_jorgrun
D:14:     layout_irregular_city, nicolae_elevator_lobby_plus
D:15:     hangedman_depths_entry_try_elsewhere_first, layout_basic,
          minmay_misc_feat_doors, uniq_azrael
Temple:   nicolae_temple_bog_church
Lair:1:   layout_cave_pods, nicolae_volcano_entry_hallway
Lair:2:   dreamdust_cave_troll, layout_cave_pods, serial_bayou_pond_b,
          beast_lair_carwin_6
Lair:3:   layout_concentric_octagons, mainiacjoe_swamp_entry_angry_trees,
          minmay_snake_entry_six_corridors, gammafunk_ghost_arena, uniq_kirke
Lair:4:   layout_regular_city, slime_entry_1, serial_bayou_ford_a,
          kennysheep_rathole
Lair:5:   minmay_lair_end_frog_pond, layout_loops_ring,
          nicolae_lair_liquid_snakes, serial_bayou_shore_a, uniq_josephine
Swamp:1:  layout_basic_swamp, hangedman_swamp_blocks, nicolae_swamp_godswood
Swamp:2:  layout_basic_swamp, evilmike_swamp_ruin_house_5, swamp_pool_3,
          nicolae_swamp_baby_hydras, uniq_louise
Swamp:3:  layout_basic_swamp, gammafunk_ghost_mausoleum,
          evilmike_swamp_ruin_rubble_1, uniq_mlioglotl
Snake:1:  layout_grid_maze, portal_ice_cave_entry_ugly_swarm
Snake:2:  layout_grid_shapes, grunt_ministairs_9, nicolae_snake_gridmaze_waves,
          minmay_shop_star
Snake:3:  layout_onion_interference, grunt_megastairs_1, uniq_vashnia
Orc:1:    layout_caves, statue_in_the_mist_lemuel, mines2_david, uniq_gastronok
Orc:2:    st_orc_rangers, layout_diamond_mine, basic_altar

Notes
Turn   | Place    | Note
-------+----------+-------------------------------------------
     0 | D:1      | SymmetrySage the Vampire Enchanter began the quest for the
                  | Orb.
     0 | D:1      | Reached XP level 1. HP: 13/13 MP: 3/3
   236 | D:1      | Reached XP level 2. HP: 14/19 MP: 5/5
   282 | D:1      | Reached skill level 5 in Stealth
   383 | D:1      | Reached skill level 2 in Short Blades
   871 | D:1      | Learned a level 2 spell: Ensorcelled Hibernation
   966 | D:2      | Noticed Terence
   973 | D:2      | Killed Terence
   974 | D:2      | Gained mutation: You are afflicted with vampirism and can
                  | become a bat while bloodless. [Vampire growth]
   974 | D:2      | Reached XP level 3. HP: 24/24 MP: 6/6
   993 | D:2      | Reached skill level 3 in Short Blades
   993 | D:2      | Reached skill level 6 in Stealth
  1134 | D:2      | Found a runed translucent door.
  1135 | D:2      | Noticed Crazy Yiuf
  1178 | D:2      | Reached XP level 4. HP: 30/30 MP: 4/7
  1712 | D:2      | Learned a level 3 spell: Confusing Touch
  1715 | D:2      | Killed Crazy Yiuf
  1716 | D:2      | Reached skill level 7 in Stealth
  1716 | D:2      | Reached XP level 5. HP: 26/35 MP: 3/8
  1926 | D:2      | Reached skill level 4 in Short Blades
  2089 | D:3      | Noticed Skimidon's ghost (weakling FoDe)
  2234 | D:3      | Found a runed translucent gate.
  2234 | D:3      | Found a runed translucent gate.
  2234 | D:3      | Found a runed translucent gate.
  2369 | D:3      | Found a shadowy altar of Dithmenos.
  2712 | D:3      | Reached skill level 8 in Stealth
  2844 | D:4      | Reached XP level 6. HP: 24/41 MP: 4/9
  2914 | D:4      | Reached skill level 5 in Short Blades
  3294 | D:5      | Entered Level 5 of the Dungeon
  3315 | D:5      | Reached skill level 5 in Hexes
  3471 | D:5      | Noticed Duvessa
  3474 | D:5      | Noticed Dowan
  3479 | D:4      | Reached skill level 3 in Spellcasting
  3612 | D:4      | Reached skill level 6 in Hexes
  3612 | D:4      | Reached XP level 7. HP: 46/46 MP: 2/11
  4246 | D:5      | Found a staircase to the Ecumenical Temple.
  4259 | D:5      | Noticed Ijyb
  4264 | Temple   | Entered the Ecumenical Temple
  4383 | Temple   | Became a worshipper of Nemelex Xobeh the Trickster
  4519 | Temple   | Learned a level 3 spell: Tukima's Dance
  5042 | D:5      | Found Xogopn's Distillery.
  5131 | D:5      | Noticed Eustachio
  5146 | D:5      | Killed Eustachio
  5147 | D:5      | Reached skill level 4 in Spellcasting
  5147 | D:5      | Reached skill level 7 in Hexes
  5248 | D:5      | Reached skill level 8 in Hexes
  5289 | D:5      | Reached skill level 1 in Fighting
  5488 | D:5      | Reached skill level 3 in Dodging
  5565 | D:5      | Killed Duvessa
  5566 | D:5      | Reached skill level 2 in Fighting
  5566 | D:5      | Reached XP level 8. HP: 40/56 MP: 11/14
  5568 | D:5      | Killed Dowan
  5801 | D:5      | Killed Ijyb
  6077 | D:6      | Noticed Blork the orc
  6086 | D:6      | Reached skill level 4 in Dodging
  6090 | D:6      | Reached skill level 3 in Fighting
  6093 | D:6      | Killed Blork the orc
  6094 | D:6      | Reached skill level 5 in Dodging
  6185 | D:6      | Found a glowing drain.
  6223 | Sewer    | Entered a sewer
  6307 | Sewer    | Reached skill level 6 in Dodging
  6355 | Sewer    | Noticed Pargi
  6360 | Sewer    | Killed Pargi
  6474 | D:6      | Noticed Jeremiah
  6488 | D:6      | Killed Jeremiah
  6489 | D:6      | Reached skill level 8 in Dodging
  6489 | D:6      | Reached XP level 9. HP: 51/63 MP: 4/15
  6996 | D:7      | Reached * piety under Nemelex Xobeh
  7098 | D:7      | Noticed a moth of wrath
  7099 | D:7      | Noticed nms23's ghost (novice GnWn)
  7187 | D:7      | Found a sacrificial altar of Ru.
  7293 | D:7      | Received a gift from Nemelex Xobeh
  7314 | D:7      | Reached skill level 9 in Stealth
  7342 | D:7      | Found a basalt altar of Yredelemnul.
  7478 | D:7      | Found a flagged portal.
  7491 | D:7      | Reached skill level 6 in Short Blades
  7525 | Bailey   | Entered a bailey
  7549 | Bailey   | Reached skill level 10 in Stealth
  7591 | Bailey   | Noticed an orc knight
  7592 | Bailey   | Found an iron altar of Okawaru.
  7604 | Bailey   | Reached skill level 7 in Short Blades
  7610 | Bailey   | Reached skill level 11 in Stealth
  7616 | Bailey   | Killed an orc knight
  7617 | Bailey   | Reached skill level 8 in Short Blades
  7619 | Bailey   | Reached skill level 12 in Stealth
  7636 | Bailey   | Reached XP level 10. HP: 33/70 MP: 1/16
  7835 | D:7      | Found a transporter.
  7847 | D:7      | Found a transporter.
  8120 | D:7      | Reached skill level 4 in Fighting
  8584 | D:8      | Reached ** piety under Nemelex Xobeh
  8627 | D:8      | Reached skill level 5 in Spellcasting
  9067 | D:8      | Reached skill level 5 in Fighting
  9093 | D:8      | Found a staircase to the Lair.
  9368 | D:8      | You fall into a shaft and drop 1 floor!
  9383 | D:9      | Reached skill level 6 in Spellcasting
  9552 | D:9      | Reached skill level 6 in Fighting
  9820 | D:9      | Reached skill level 9 in Hexes
  9828 | D:9      | Reached skill level 10 in Hexes
  9832 | D:9      | Reached skill level 9 in Short Blades
  9987 | D:8      | Noticed an obsidian statue
 10552 | D:9      | Noticed Maggie
 10558 | D:9      | Noticed a sixfirhy
 10573 | D:9      | Killed Maggie
 10574 | D:9      | Reached XP level 11. HP: 79/81 MP: 1/20
 10709 | D:10     | Entered Level 10 of the Dungeon
 10752 | D:10     | Found an ancient bone altar of Kikubaaqudgha.
 10798 | D:10     | Reached skill level 10 in Short Blades
 11018 | D:10     | Noticed a two-headed ogre
 11027 | D:10     | Killed a two-headed ogre
 11248 | D:10     | Received a gift from Nemelex Xobeh
 11254 | D:10     | Noticed Joseph
 11279 | D:10     | Killed Joseph
 11280 | D:10     | Reached skill level 13 in Stealth
 11390 | D:10     | Reached skill level 9 in Dodging
 11462 | D:10     | Noticed a two-headed hydra
 11465 | D:10     | Killed a two-headed hydra
 12002 | Lair:1   | Entered Level 1 of the Lair of Beasts
 12002 | Lair:1   | Reached *** piety under Nemelex Xobeh
 12014 | Lair:1   | Reached skill level 14 in Stealth
 12030 | D:8      | Reached skill level 10 in Dodging
 12203 | Lair:1   | Reached skill level 15 in Stealth
 12376 | Lair:1   | Reached skill level 11 in Dodging
 12500 | Lair:1   | Found a dark tunnel.
 12579 | Volcano  | Entered a volcano
 12585 | Volcano  | Noticed an orc sorcerer
 12588 | Volcano  | Killed an orc sorcerer
 12605 | Volcano  | Reached XP level 12. HP: 81/88 MP: 14/21
 12720 | Volcano  | Reached skill level 12 in Dodging
 12925 | Volcano  | Reached skill level 13 in Dodging
 13439 | Lair:1   | Received a gift from Nemelex Xobeh
 13764 | Lair:2   | Reached skill level 14 in Dodging
 14103 | Lair:2   | Reached skill level 15 in Dodging
 14648 | Lair:2   | Reached **** piety under Nemelex Xobeh
 14722 | Lair:2   | Identified the +6 quarterstaff "Nely" {flame, Str+3}
 14962 | Lair:3   | Found a staircase to the Snake Pit.
 14970 | Lair:3   | Reached skill level 7 in Fighting
 14970 | Lair:3   | Reached skill level 16 in Stealth
 14970 | Lair:3   | Reached XP level 13. HP: 95/96 MP: 17/22
 15386 | Lair:3   | Received a gift from Nemelex Xobeh
 15389 | Lair:3   | Found a transporter.
 15389 | Lair:3   | Noticed Luuwnalu's ghost (journeyman KoHu)
 15484 | Lair:3   | Found a transporter.
 15503 | Lair:3   | Reached skill level 17 in Stealth
 15545 | Lair:3   | Noticed Kirke
 15552 | Lair:3   | Reached skill level 8 in Fighting
 15553 | Lair:3   | Killed Kirke
 15897 | Lair:3   | Found a staircase to the Swamp.
 16389 | Lair:4   | Reached skill level 18 in Stealth
 16458 | Lair:4   | Received a gift from Nemelex Xobeh
 16488 | Lair:4   | Reached skill level 9 in Fighting
 16565 | Lair:4   | Found a viscous altar of Jiyva.
 16565 | Lair:4   | Found a staircase to the Slime Pits.
 16916 | Lair:4   | Received a gift from Nemelex Xobeh
 17185 | Lair:4   | Received a gift from Nemelex Xobeh
 17249 | Lair:5   | Entered Level 5 of the Lair of Beasts
 17398 | Lair:5   | Reached skill level 19 in Stealth
 17592 | Lair:5   | Reached skill level 10 in Fighting
 17638 | Lair:5   | Noticed Josephine
 17666 | Lair:5   | Reached XP level 14. HP: 107/110 MP: 8/23
 17725 | Lair:5   | Killed Josephine
 17726 | Lair:5   | Reached skill level 20 in Stealth
 17754 | Lair:4   | HP: 10/110 [six-headed hydra (8)]
 17830 | Lair:5   | Reached skill level 1 in Invocations
 18033 | Lair:5   | Reached ***** piety under Nemelex Xobeh
 18135 | Lair:5   | Reached skill level 11 in Hexes
 18231 | Lair:5   | Reached skill level 2 in Invocations
 18249 | Lair:5   | Identified the +10 mace "Depos" {speed, rPois rCorr Str+6}
 18440 | Lair:5   | Received a gift from Nemelex Xobeh
 18791 | Lair:5   | Found the macabre finger necklace {Finger+ rN+}
 18951 | D:8      | Learned a level 5 spell: Yara's Violent Unravelling
 18959 | D:8      | Learned a level 7 spell: Enfeeble
 18997 | D:11     | Received a gift from Nemelex Xobeh
 19203 | D:11     | Found a staircase to the Orcish Mines.
 19414 | D:11     | Reached skill level 12 in Hexes
 19575 | D:11     | Reached skill level 3 in Invocations
 19787 | D:11     | Found a corrupted altar of Lugonu.
 20051 | D:11     | Identified a potion of experience
 20323 | D:11     | Reached skill level 13 in Hexes
 20428 | Orc:1    | Entered Level 1 of the Orcish Mines
 20428 | Orc:1    | Received a gift from Nemelex Xobeh
 20483 | Orc:1    | Reached skill level 21 in Stealth
 20561 | Orc:1    | Reached skill level 4 in Invocations
 21050 | Orc:1    | Noticed Gastronok
 21056 | Orc:1    | Killed Gastronok
 21057 | Orc:1    | Reached skill level 14 in Hexes
 21213 | Orc:2    | Entered Level 2 of the Orcish Mines
 21229 | Orc:2    | Received a gift from Nemelex Xobeh
 21617 | Orc:2    | Found Penniocw's Weapon Emporium.
 21617 | Orc:2    | Found Teipuc's General Store.
 21617 | Orc:2    | Found Dadoqut's Magic Scroll Boutique.
 21657 | Orc:2    | Identified the -1 hand axe of Pride {flame, Will++ Int+2}
 21666 | Orc:2    | Reached skill level 5 in Invocations
 21676 | Orc:2    | Reached skill level 15 in Hexes
 21730 | Orc:2    | Found Ymuyx's General Store.
 21735 | Orc:2    | Bought a potion of heal wounds for 65 gold pieces
 21735 | Orc:2    | Bought a scroll of butterflies for 52 gold pieces
 21740 | Orc:2    | Bought a scroll of enchant weapon for 120 gold pieces
 21740 | Orc:2    | Bought a scroll of fear for 64 gold pieces
 21740 | Orc:2    | Bought a scroll of teleportation for 48 gold pieces
 21745 | Orc:2    | Bought a potion of curing for 45 gold pieces
 21745 | Orc:2    | Bought a potion of curing for 45 gold pieces
 22114 | Orc:2    | Found a staircase to the Elven Halls.
 22245 | Orc:2    | Received a gift from Nemelex Xobeh
 22840 | D:12     | Reached skill level 1 in Alchemy
 23172 | D:12     | Noticed Frances
 23183 | D:12     | Killed Frances
 23184 | D:12     | Reached XP level 15. HP: 106/115 MP: 9/24
 23392 | D:12     | Reached skill level 2 in Alchemy
 23415 | D:12     | Received a gift from Nemelex Xobeh
 23507 | D:13     | Noticed Jorgrun
 23511 | D:13     | Killed Jorgrun
 23512 | D:13     | Reached skill level 16 in Hexes
 23589 | D:13     | Reached skill level 22 in Stealth
 23687 | D:13     | Reached skill level 3 in Alchemy
 23687 | D:13     | Reached skill level 6 in Invocations
 24006 | D:13     | Identified a scarf of resistance
 24134 | D:13     | Found a gate to the Vaults.
 24138 | D:13     | Reached skill level 17 in Hexes
 24138 | D:13     | Reached skill level 4 in Alchemy
 24355 | D:13     | Found a blossoming altar of Fedhas.
 24769 | D:14     | Identified the +7 trident "Righidgh" {venom, rPois rC+
                  | Will+ Int+3}
 24816 | D:14     | Received a gift from Nemelex Xobeh
 25322 | D:14     | Reached ****** piety under Nemelex Xobeh
 25509 | D:15     | Entered Level 15 of the Dungeon
 25509 | D:15     | Received a gift from Nemelex Xobeh
 25515 | D:15     | Reached skill level 5 in Alchemy
 25562 | D:15     | Noticed Azrael
 25570 | D:15     | Killed Azrael
 25624 | D:15     | Reached skill level 7 in Invocations
 25814 | D:15     | Found a staircase to the Depths.
 25820 | D:15     | Reached skill level 18 in Hexes
 26016 | D:15     | Reached skill level 23 in Stealth
 26016 | D:15     | Reached skill level 6 in Alchemy
 26346 | D:15     | Received a gift from Nemelex Xobeh
 27096 | Swamp:1  | Entered Level 1 of the Swamp
 27189 | Swamp:1  | HP: 11/115 [poisoned by a swamp dragon (poison gas)]
 27227 | Swamp:1  | Reached skill level 8 in Invocations
 27408 | Swamp:1  | Found a broken altar of Ashenzari.
 27475 | Swamp:1  | Reached skill level 7 in Alchemy
 27475 | Swamp:1  | Reached XP level 16. HP: 122/122 MP: 20/25
 28070 | Swamp:2  | Received a gift from Nemelex Xobeh
 28182 | Swamp:2  | Noticed Louise
 28185 | Swamp:2  | Killed Louise
 28229 | Swamp:2  | Reached skill level 7 in Spellcasting
 28543 | Swamp:2  | Reached skill level 24 in Stealth
 28688 | Swamp:2  | Received a gift from Nemelex Xobeh
 28923 | Swamp:3  | Reached skill level 9 in Invocations
 29041 | Swamp:3  | Found a transporter.
 29077 | Swamp:3  | Found a transporter.
 29080 | Swamp:3  | Noticed ArclightPhoenix's ghost (adept SpEn)
 29119 | Swamp:3  | Noticed Mlioglotl
 29138 | Swamp:3  | Killed Mlioglotl
 29282 | Swamp:3  | Received a gift from Nemelex Xobeh
 29650 | Snake:1  | Entered Level 1 of the Snake Pit
 30071 | Snake:1  | Reached skill level 8 in Spellcasting
 30291 | Snake:1  | Received a gift from Nemelex Xobeh
 31084 | Snake:1  | Reached skill level 10 in Invocations
 31235 | Snake:1  | Reached skill level 25 in Stealth
 31311 | Snake:2  | Found Bibbeaps's General Store.
 31317 | Snake:2  | Identified the +0 robe "Wuwisog" {Will+}
 31328 | Snake:2  | Bought a scroll of enchant weapon for 150 gold pieces
 31328 | Snake:2  | Bought a scroll of fear for 80 gold pieces
 31774 | Snake:2  | Received a gift from Nemelex Xobeh
 31890 | Snake:2  | Reached skill level 9 in Spellcasting
 32208 | Snake:3  | Reached XP level 17. HP: 48/128 MP: 25/30
 32226 | Snake:3  | HP: 12/128 [poisoned by a naga (splash of poison)]
 32231 | Snake:2  | HP: 10/128 [poisoned by a naga (splash of poison)]
 32590 | Snake:3  | Noticed Vashnia
 32804 | Snake:2  | HP: 12/129 [poisoned by Vashnia (splash of poison)]
 32809 | Snake:2  | HP: 8/129 [poisoned by Vashnia (splash of poison)]
 33027 | Snake:3  | HP: 3/129 [Vashnia/bolt (39)]
 33027 | Snake:3  | Shot with a bolt by Vashnia

Vanquished Creatures
  Mlioglotl (Swamp:3)
  Jorgrun (D:13)
  Frances (D:12)
  Gastronok (Orc:1)
  Kirke (Lair:3)
  Louise (Swamp:2)
  A very ugly thing (D:15)
  4 bunyips
  Azrael (D:15)
  A fire dragon (D:14)
  Josephine (Lair:5)
  5 vault guards (D:13)
  3 ogre magi
  14 hydras
  3 alligators
  3 naga warriors (Snake:3)
  5 centaur warriors
  5 anacondas
  A boulder beetle (D:12)
  A dancing weapon (Volcano)
  A tengu warrior (D:14)
  10 two-headed ogres
  2 occultists (Volcano)
  8 naga sharpshooters
  4 shock serpents
  A fire crab (shapeshifter) (D:15)
  A skyshark (Lair:2)
  A deep troll (Lair:2)
  8 goliath frogs
  3 spriggan druids
  5 mana vipers
  2 swamp dragons
  A deep elf archer (D:13)
  3 bog bodies
  3 naga ritualists (Snake:1)
  3 orc knights
  A harpy (Lair:3)
  15 ugly things
  4 orc sorcerers
  4 will-o-the-wisps
  A manticore (D:14)
  4 cyclopes
  2 salamanders
  8 naga magi
  8 elephants
  Joseph (D:10)
  2 torpor snails
  11 kobold blastminers
  5 toenail golems (Volcano)
  21 black mambas
  Jeremiah (D:6)
  An eye of devastation (shapeshifter) (D:15)
  A guardian serpent (Snake:3)
  22 cane toads
  A yaktaur (D:13)
  3 rime drakes
  5 gargoyles
  Maggie (D:9)
  3 kobold demonologists
  9 komodo dragons
  A freezing wraith (D:14)
  A tengu conjurer (D:14)
  5 trolls
  10 tyrant leeches
  2 hornets
  36 blink frogs
  A raiju (shapeshifter) (D:15)
  2 dream sheep (D:10)
  6 slime creatures
  5 spriggans
  7 wyverns
  46 yaks
  2 vampires
  6 wraiths
  6 humans
  4 basilisks
  2 hogs (Lair:3)
  A human (shapeshifter) (D:15)
  Eustachio (D:5)
  15 vampire mosquitoes
  3 wargs
  5 steam dragons
  4 fire elementals (D:15)
  10 swamp worms
  Duvessa (D:5)
  19 nagas
  20 water moccasins
  A water moccasin (shapeshifter) (D:13)
  2 hell hounds (D:15)
  An ice beast (D:8)
  3 swamp drakes
  Pargi (Sewer)
  26 orc warriors
  2 black bears
  12 ogres
  15 centaurs
  An ogre (shapeshifter) (D:15)
  12 wolves
  3 phantoms
  14 kobold brigands
  A brain worm (Sewer)
  Blork the orc (D:6)
  21 bullfrogs
  3 necrophages (D:7)
  3 scorpions
  9 wights
  Dowan (D:5)
  8 killer bees
  3 troll zombies (D:11)
  6 electric eels
  5 howler monkeys
  2 lava snakes (Lair:5)
  A human zombie (D:7)
  2 bullfrog zombies (D:7)
  A jelly (D:5)
  A centaur zombie (D:7)
  20 orc priests
  3 hounds (D:5)
  A gnoll bouda (D:5)
  A sleepcap (D:7)
  Crazy Yiuf (D:2)
  Ijyb (D:5)
  4 iguanas
  Terence (D:2)
  24 orc wizards
  7 hell rats
  2 killer bee zombies (D:7)
  5 ogre zombies (D:11)
  A mummy (D:7)
  9 adders
  7 gnolls
  10 river rats
  2 white imps (D:6)
  4 ufetubi (D:6)
  2 dart slugs
  3 ribbon worms
  76 orcs
  9 endoplasms
  3 giant cockroaches
  3 gnoll zombies (D:11)
  12 goblins
  3 hobgoblins
  8 jackals
  25 kobolds
  4 quokkas
  10 ball pythons
  6 bats
  7 frilled lizards
  2 gnoll skeletons (D:11)
  3 orc skeletons (D:11)
  17 orc zombies (D:11)
  4 rats
926 creatures vanquished.

Vanquished Creatures (collateral kills)
  2 kobold blastminers (Orc:2)
  10 orc warriors (Orc:2)
  4 centaurs (Orc:2)
  6 orcs (Orc:2)
22 creatures vanquished.

Vanquished Creatures (others)
  An unseen horror (D:10)
  3 humans (Lair:3)
  A swamp drake (Lair:3)
  A scorpion (Lair:3)
  An adder (D:5)
  8 foxfires (Swamp:1)
15 creatures vanquished.

Grand Total: 963 creatures vanquished

Table legend: (Time is in decaauts)
 A = Elapsed time spent in this place.
 B = Non-inter-level travel time spent in this place.
 C = Inter-level travel time spent in this place.
 D = Time resting spent in this place.
 E = Time spent auto-exploring this place.
 F = Levels seen in this place.
 G = Mean time per level.
                   A        B        C        D        E       F      G
               +--------+--------+--------+--------+--------+-----+--------+
         Total |  32165 |  29775 |   2390 |   2723 |  20854 |  32 | 1005.2 |
       Dungeon |  16453 |  15178 |   1275 |    830 |  11252 |  15 | 1096.9 |
        Temple |    670 |    618 |     52 |    604 |      0 |   1 |  670.0 |
          Lair |   6973 |   6301 |    672 |    338 |   4579 |   5 | 1394.6 |
         Swamp |   2119 |   1972 |    147 |    360 |   1186 |   3 |  706.3 |
     Snake Pit |   3004 |   2943 |     61 |    563 |   1857 |   3 | 1001.3 |
  Orcish Mines |   2055 |   1873 |    182 |     28 |   1425 |   2 | 1027.5 |
         Sewer |    185 |    185 |      0 |      0 |    116 |   1 |  185.0 |
        Bailey |    256 |    256 |      0 |      0 |    159 |   1 |  256.0 |
       Volcano |    447 |    447 |      0 |      0 |    280 |   1 |  447.0 |
               +--------+--------+--------+--------+--------+-----+--------+

Top non-repeatable levels by time:
  Lair:3: 1841 daAuts
  Lair:5: 1541 daAuts
     D:8: 1486 daAuts
 Snake:2: 1435 daAuts
    D:11: 1373 daAuts
  Lair:2: 1327 daAuts
   Orc:2: 1294 daAuts
 Snake:1: 1288 daAuts
     D:5: 1279 daAuts
    D:15: 1255 daAuts
    D:10: 1236 daAuts
     D:4: 1189 daAuts
  Lair:1: 1172 daAuts
     D:7: 1149 daAuts
    D:13: 1121 daAuts

Table legend:
 A = Non-vault XP
 B = Vault XP
 C = Vault XP percentage of total XP
 D = Non-vault monster count
 E = Vault monster count
 F = Vault count percentage of total count
                 A         B        C        D         E       F
            +---------+---------+-------+---------+---------+-------
      Total |  150102 |   74853 |  33.3 |     638 |     313 |  32.9
            +---------+---------+-------+---------+---------+-------
        D:1 |      30 |       0 |   0.0 |      19 |       0 |   0.0
        D:2 |     124 |      86 |  41.0 |      23 |       7 |  23.3
        D:3 |     119 |       1 |   0.8 |      21 |       1 |   4.5
        D:4 |     223 |       0 |   0.0 |      22 |       0 |   0.0
        D:5 |     614 |     431 |  41.2 |      27 |       4 |  12.9
        D:6 |     479 |     528 |  52.4 |      11 |       5 |  31.2
        D:7 |     728 |     676 |  48.1 |      14 |      16 |  53.3
        D:8 |    1842 |     372 |  16.8 |      30 |       1 |   3.2
        D:9 |    2680 |     591 |  18.1 |      26 |       4 |  13.3
       D:10 |    2814 |    2121 |  43.0 |      27 |       7 |  20.6
       D:11 |    6257 |    1483 |  19.2 |      25 |      40 |  61.5
       D:12 |    5575 |    1463 |  20.8 |      28 |       1 |   3.4
       D:13 |    7003 |   10349 |  59.6 |      17 |      15 |  46.9
       D:14 |    6517 |       0 |   0.0 |      10 |       0 |   0.0
       D:15 |   13356 |    4239 |  24.1 |      28 |      11 |  28.2
     Lair:1 |    5031 |       0 |   0.0 |      21 |       0 |   0.0
     Lair:2 |    4355 |    4705 |  51.9 |      14 |      16 |  53.3
     Lair:3 |    7098 |    5945 |  45.6 |      30 |      18 |  37.5
     Lair:4 |    6843 |    1376 |  16.7 |      26 |      14 |  35.0
     Lair:5 |    6101 |   10286 |  62.8 |      27 |      47 |  63.5
    Swamp:1 |   11040 |       0 |   0.0 |      22 |       0 |   0.0
    Swamp:2 |   10038 |    5535 |  35.5 |      25 |       6 |  19.4
    Swamp:3 |    9161 |    1853 |  16.8 |      15 |       1 |   6.2
    Snake:1 |   16534 |    4517 |  21.5 |      33 |       8 |  19.5
    Snake:2 |    8775 |     903 |   9.3 |      17 |       2 |  10.5
    Snake:3 |    8779 |    1577 |  15.2 |      19 |       2 |   9.5
      Orc:1 |    4892 |    1402 |  22.3 |      22 |       4 |  15.4
      Orc:2 |    3094 |    5983 |  65.9 |      39 |      37 |  48.7
      Sewer |       0 |     357 | 100.0 |       0 |       9 | 100.0
     Bailey |       0 |    1848 | 100.0 |       0 |      23 | 100.0
    Volcano |       0 |    6226 | 100.0 |       0 |      14 | 100.0
            +---------+---------+-------+---------+---------+-------
